 Dungeon Crawl Stone Soup version 0.31-a0-232-gb1c03b2570 (webtiles) character file.

Game seed: 12165988951935957258

710 qw the Shooter (level 7, -1/60 HPs)
             Began as a Minotaur Hexslinger on July 7, 2023.
             Was a Follower of Okawaru.
             Slain by a troll (2 damage)
             ... on level 5 of the Dungeon.
             The game lasted 00:01:42 (4334 turns).

qw the Shooter (Minotaur Hexslinger)                Turns: 4334, Time: 00:01:42

Health: -1/60      AC:  9    Str:  8    XL:     7   Next: 40%
Magic:  20/21      EV: 12    Int: 15    God:    Okawaru [*.....]
Gold:   138        SH:  0    Dex: 14    Spells: 7/8 levels left

rFire   + + +        Y - +2 sling
rCold   . . .        (no shield)
rNeg    . . .        h - +1 ring mail "Yhuzoam" {rF++ Str-5 Int+5}
rPois   +            (helmet restricted)
rElec   +            d - -1 cloak of Feasting {rPois Stlth+}
rCorr   .            k - +0 pair of gloves {Stlth+}
SInv    .            (no boots)
Will    +....        i
                       - Hermit's Pendant {Faith Invo=14 Evo=0 MP+5}
Stlth   ++++         (no ring)
HPRegen 0.30/turn    (no ring)
MPRegen 0.17/turn

%: faith
@: heroic
A: horns 2, retaliatory headbutt, fire resistance 1, strong-willed 1,
electricity resistance, evolution 1
a: Renounce Religion, Heroism


You were on level 5 of the Dungeon.
You worshipped Okawaru.
Okawaru was aware of your devotion.
You visited 2 branches of the dungeon, and saw 6 of its levels.

You collected 138 gold pieces.


Innate Abilities, Weirdness & Mutations

You have a pair of horns on your head.
You reflexively headbutt those who attack you in melee.
Your flesh is heat resistant. (rF+)
You are strong-willed. (Will+)
You are resistant to electric shocks. (rElec)
You have hidden genetic potential.


   Skills:
 - Level 4.5(9.5) Fighting
 + Level 7.5(12.5) Ranged Weapons
 - Level 2.3(7.3) Armour
 - Level 2.1(7.1) Dodging
 - Level 1.0 Spellcasting
 - Level 2.0 Hexes
 + Level 1.8(14.0) Invocations


You had 7 spell levels left.
You knew the following spells:

 Your Spells              Type           Power      Damage    Failure   Level
a - Slow                  Hex            24%        N/A       28%         1

Your spell library contained the following spells:

 Spells                   Type           Power      Damage    Failure   Level
 Inner Flame              Hex/Fire       3%         N/A       77%         3
 Portal Projectile        Hex/Tloc       6%         N/A       77%         3
 Cause Fear               Hex            3%         N/A       95%         4

Inventory:

Hand Weapons
 Y - a +2 sling (weapon)
Armour
 d - the -1 cloak of Feasting (worn) {rPois Stlth+}
   (You found it on level 3 of the Dungeon)

   rPois:     It protects you from poison.
   Stlth:     It makes you more stealthy.
 h - the +1 ring mail "Yhuzoam" (worn) {rF++ Str-5 Int+5}
   (You found it on level 3 of the Dungeon)

   Str:       It affects your strength (-5).
   Int:       It affects your intelligence (+5).
   rF:        It greatly protects you from fire.
 k - a +0 pair of gloves of stealth (worn)
Jewellery
 e - an amulet of regeneration
 i - the Hermit's Pendant (around neck) {Faith Invo=14 Evo=0 MP+5}
   (You found it on level 2 of the Dungeon)

   [amulet of faith]

   Invo=14: It sets your Invocations skill to 14.
   Evo=0: It sets your Evocations skill to 0.
   It allows you to gain divine favour quickly.
   MP:        It affects your magic capacity (+5).
Scrolls
 b - 2 scrolls of identify
Potions
 f - a potion of enlightenment
 g - a potion of mutation

Dungeon Overview and Level Annotations

Branches:
Dungeon (5/15)             Temple (1/1) D:4

Altars:
Cheibriados
Fedhas
Gozag
Hepliaklqana
Kikubaaqudgha
Makhleb
Nemelex Xobeh
Okawaru
Qazlal
Sif Muna
Uskayaw
Vehumet
Wu Jian
Xom
Yredelemnul
Zin

Shops:
D:4 ==:

Annotations:
D:4 3 runed translucent doors, qw's ghost, amateur MiHs


Message History

4317 ||| FLEEEEING.
Enter note:
Enter note:
4318 ||| FLEEEEING.
4319 ||| FLEEEEING.
4320 ||| FLEEEEING.
4321 ||| FLEEEEING.
4322 ||| STILL FLEEEEING.
4323 ||| FLEEEEING.
4324 ||| FLEEEEING.
4325 ||| INVOKING Heroism.
You gain the combat prowess of a mighty hero.
You shoot a sling bullet. The sling bullet hits the troll!
The troll is moderately wounded.
You shoot a sling bullet.
The sling bullet hits the troll but does no damage.
The troll is moderately wounded.
You shoot a sling bullet.
The sling bullet closely misses the troll.
You shoot a sling bullet. The sling bullet hits the troll.
The troll is moderately wounded.
You shoot a sling bullet. The sling bullet hits the troll!
The troll is heavily wounded.
The troll misses you. The troll barely misses you. The troll claws you.
You shoot a sling bullet. The sling bullet hits the troll.
The troll is heavily wounded.
The troll barely misses you. The troll misses you.
The troll closely misses you.
You shoot a sling bullet. The sling bullet hits the troll.
The troll is heavily wounded.
The troll bites you! The troll claws you but does no damage.
The troll claws you!
You shoot a sling bullet.
The sling bullet hits the troll but does no damage.
The troll is heavily wounded.
The troll closely misses you. You furiously retaliate!
You headbutt the troll. The troll claws you.
The troll claws you but does no damage.
You shoot a sling bullet. The sling bullet hits the troll!
The troll is severely wounded.
The troll bites you but does no damage. The troll claws you.
You die...

#...#...###........
#..........<....... #
.#######.####........ #...
.........####....##+# +...
#########...#.##.#
...####...#####.#.#.. ...
................#+### .##.
...#.....#####....# .
#.#.......T@+<..)....
.#.#.#)#........##.....##.
......)..#......##.....#
...#..)T)###....##.....#
#........# #....####+#.#
#.###....# #....# .#
...(#.#..# #....#
#.###....# ######
#......#..


You could see a troll.

Vanquished Creatures
  An ogre (D:5)
  4 scorpions
  2 orc priests (D:4)
  2 hounds (D:4)
  An iguana (D:3)
  Ijyb (D:3)
  2 orc wizards
  5 adders
  A white imp (D:5)
  4 worms
  20 orcs
  4 endoplasms
  11 hobgoblins
  2 jackals (D:2)
  5 quokkas
  9 ball pythons
  5 bats
  A frilled lizard (D:1)
  7 goblins
  6 kobolds
  9 rats
102 creatures vanquished.

Notes
Turn   | Place    | Note
-------+----------+-------------------------------------------
     0 | D:1      | qw the Minotaur Hexslinger began the quest for the Orb.
     0 | D:1      | Reached XP level 1. HP: 16/16 MP: 1/1
     0 | D:1      | 0 ||| qw: Version: 0.3-a-46-gb1f654a
     0 | D:1      | 0 ||| qw: Game counter: 2909
     0 | D:1      | 0 ||| qw: Melee chars always use a shield: true
     0 | D:1      | 0 ||| qw: God list: Okawaru
     0 | D:1      | 0 ||| qw: Allow faded altars: false
     0 | D:1      | 0 ||| qw: Do Orc after clearing Dungeon:15 true
     0 | D:1      | 0 ||| qw: Do second Lair branch before Depths: true
     0 | D:1      | 0 ||| qw: Lair rune preference: random
     0 | D:1      | 0 ||| qw: Goals: Normal
     0 | D:1      | 0 ||| PLANNING D:1-11
   251 | D:1      | Reached skill level 3 in Ranged Weapons
   251 | D:1      | Reached XP level 2. HP: 23/23 MP: 2/2
   658 | D:1      | 658 ||| UPGRADING to +0 ring mail.
   668 | D:1      | 668 ||| DROPPING +0 robe.
   669 | D:1      | 669 ||| READING scroll labelled YTOWOU AHIF.
   670 | D:1      | 670 ||| READING scroll labelled IMATHR VAUTUO.
   671 | D:1      | 671 ||| DROPPING scroll of poison.
   793 | D:2      | Reached XP level 3. HP: 29/29 MP: 3/3
   978 | D:2      | Reached skill level 4 in Ranged Weapons
  1086 | D:2      | Reached skill level 1 in Armour
  1446 | D:2      | Found the Hermit's Pendant {Faith Invo=14 Evo=0 MP+5}
  1449 | D:2      | Reached XP level 4. HP: 36/36 MP: 4/4
  1912 | D:2      | 1912 ||| UPGRADING to +0 pair of gloves of stealth.
  1917 | D:2      | 1917 ||| UPGRADING to Hermit's Pendant {Faith Invo=14 Evo=0
                  | MP+5}.
  2009 | D:2      | 2009 ||| DROPPING +6 ring of intelligence.
  2010 | D:2      | 2010 ||| READING 3 scrolls labelled GYORCH FUCE.
  2011 | D:2      | 2011 ||| READING scroll labelled AMOEBLI WITA.
  2012 | D:2      | 2012 ||| READING scroll labelled TALOWNYIPRAKLI.
  2013 | D:2      | 2013 ||| DRINKING 2 orange potions.
  2014 | D:2      | 2014 ||| DRINKING 2 bubbling silvery potions.
  2014 | D:2      | Gained mutation: Your flesh is heat resistant. (rF+)
                  | [potion of mutation]
  2014 | D:2      | Gained mutation: You have hidden genetic potential. [potion
                  | of mutation]
  2015 | D:2      | 2015 ||| READING 2 scrolls of identify.
  2015 | D:2      | 2015 ||| IDENTIFYING white potion
  2016 | D:2      | 2016 ||| DROPPING potion of degeneration.
  2017 | D:2      | 2017 ||| DROPPING potion of magic.
  2065 | D:3      | Noticed Ijyb
  2086 | D:3      | Killed Ijyb
  2115 | D:3      | Reached skill level 5 in Ranged Weapons
  2165 | D:3      | Identified the -1 cloak of Feasting {rPois Stlth+}
  2252 | D:3      | 2252 ||| FLEEEEING.
  2253 | D:3      | 2253 ||| FLEEEEING.
  2254 | D:3      | 2254 ||| FLEEEEING.
  2255 | D:3      | 2255 ||| FLEEEEING.
  2259 | D:3      | 2259 ||| FLEEEEING.
  2260 | D:3      | 2260 ||| FLEEEEING.
  2524 | D:3      | Identified the +1 ring mail "Yhuzoam" {rF++ Str-5 Int+5}
  2684 | D:3      | 2684 ||| UPGRADING to -1 cloak of Feasting {rPois Stlth+}.
  2689 | D:3      | 2689 ||| UPGRADING to +1 ring mail "Yhuzoam" {rF++ Str-5
                  | Int+5}.
  2699 | D:3      | 2699 ||| DROPPING +0 ring mail.
  2700 | D:3      | 2700 ||| READING scroll labelled DOAWUJEIRA.
  2732 | D:4      | 2732 ||| STAIRDANCE
  2735 | D:3      | Reached skill level 3 in Fighting
  2735 | D:3      | Reached XP level 5. HP: 22/45 MP: 13/13
  2747 | D:3      | Gained mutation: You are strong-willed. (Will+) [hidden
                  | potential]
  2910 | D:4      | 2910 ||| Stepping ~*~*~tactically~*~*~ (outnumbered).
  2948 | D:4      | Found a staircase to the Ecumenical Temple.
  2949 | D:4      | 2949 ||| PLANNING TEMPLE
  2949 | D:4      | 2949 ||| READING scroll labelled JUOHIDGHIBB.
  2950 | D:4      | 2950 ||| READING 2 scrolls of identify.
  2950 | D:4      | 2950 ||| IDENTIFYING bubbling clear potion
  2960 | Temple   | Entered the Ecumenical Temple
  3039 | Temple   | 3039 ||| PLANNING OKAWARU WORSHIP
  3054 | Temple   | Became a worshipper of Warmaster Okawaru
  3055 | Temple   | 3055 ||| PLANNING D:1-11
  3188 | D:4      | Reached skill level 6 in Ranged Weapons
  3192 | D:4      | Reached XP level 6. HP: 24/51 MP: 15/15
  3199 | D:4      | HP: 12/51 [orc/+0 short sword (3)]
  3200 | D:4      | 3200 ||| DRINKING 2 potions of heal wounds.
  3207 | D:4      | Gained mutation: You have great hidden genetic potential.
                  | [hidden potential]
  3207 | D:4      | Lost mutation: You have great hidden genetic potential.
                  | [hidden potential expressed]
  3302 | D:4      | Found Musadan's Jewellery Shop.
  3310 | D:4      | 3310 ||| SHOPLISTING +6 ring of dexterity (360 gold, have
                  | 84).
  3310 | D:4      | 3310 ||| SHOPLISTING amulet of Raoc {Acrobat SInv} (412
                  | gold, have 84).
  3310 | D:4      | 3310 ||| SHOPLISTING ring of Mistrust {rN+ Will+} (362
                  | gold, have 84).
  3310 | D:4      | 3310 ||| SHOPLISTING ring of fire (250 gold, have 84).
  3310 | D:4      | 3310 ||| SHOPLISTING ring of protection from fire (250
                  | gold, have 84).
  3310 | D:4      | 3310 ||| SHOPLISTING ring of see invisible (150 gold, have
                  | 84).
  3337 | D:4      | Found a runed translucent gate.
  3337 | D:4      | Found a runed translucent gate.
  3337 | D:4      | Found a runed translucent gate.
  3353 | D:4      | Noticed qw's ghost (amateur MiHs)
  3362 | D:4      | Found Moestraoss's Book Boutique.
  3504 | D:4      | Found Lariem Zora's Jewellery Boutique.
  3515 | D:4      | 3515 ||| SHOPLISTING +6 ring of strength (360 gold, have
                  | 99).
  3515 | D:4      | 3515 ||| SHOPLISTING amulet of reflection (300 gold, have
                  | 99).
  3515 | D:4      | 3515 ||| SHOPLISTING ring of protection from fire (250
                  | gold, have 99).
  3515 | D:4      | 3515 ||| SHOPLISTING ring of resist corrosion (200 gold,
                  | have 99).
  3515 | D:4      | 3515 ||| SHOPLISTING ring of willpower (250 gold, have 99).
  4054 | D:4      | 4054 ||| READING scroll labelled YNI JERHAREU.
  4143 | D:4      | 4143 ||| READING 3 scrolls of identify.
  4143 | D:4      | 4143 ||| IDENTIFYING metallic inky potion
  4156 | D:5      | Entered Level 5 of the Dungeon
  4167 | D:5      | Reached * piety under Okawaru
  4222 | D:5      | 4222 ||| INVOKING Heroism.
  4235 | D:5      | Reached skill level 7 in Ranged Weapons
  4235 | D:5      | Reached XP level 7. HP: 26/60 MP: 16/16
  4237 | D:5      | HP: 14/60 [scorpion (5)]
  4238 | D:5      | 4238 ||| DRINKING potion of heal wounds.
  4243 | D:5      | HP: 14/60 [orc/+0 flail (1)]
  4248 | D:5      | Reached skill level 1 in Invocations
  4248 | D:5      | HP: 10/60 [something (1)]
  4254 | D:5      | Gained mutation: You are resistant to electric shocks.
                  | (rElec) [hidden potential]
  4260 | D:5      | Noticed a troll
  4316 | D:5      | 4316 ||| FLEEEEING.
  4317 | D:5      | 4317 ||| FLEEEEING.
  4318 | D:5      | 4318 ||| FLEEEEING.
  4319 | D:5      | 4319 ||| FLEEEEING.
  4320 | D:5      | 4320 ||| FLEEEEING.
  4321 | D:5      | 4321 ||| FLEEEEING.
  4323 | D:5      | 4323 ||| FLEEEEING.
  4324 | D:5      | 4324 ||| FLEEEEING.
  4325 | D:5      | 4325 ||| INVOKING Heroism.
  4332 | D:5      | HP: 15/60 [troll (12)]
  4332 | D:5      | HP: 5/60 [troll (10)]
  4333 | D:5      | HP: 1/60 [troll (4)]
  4334 | D:5      | Slain by a troll

Levels and vault maps discovered:
D:1:      dpeg_chamrin_arrival_tetris, layout_basic
D:2:      mumra_celtic_spiral_tile, layout_loops_ring,
          kennysheep_generic_room_13
D:3:      layout_loops_cross, uniq_ijyb
D:4:      layout_loops_ring, minmay_temple_entry_nine_rooms,
          gammafunk_ghost_nasty_kobolds, serial_shops,
          nicolae_shop_advertising_works [nicolae_subvault_shop_adworks],
          nicolae_shop_gaudy_bauble, nicolae_shop_gaudy_bauble
D:5:      layout_basic, nicolae_ru_awakened_eye, minmay_fractal_squares_5
Temple:   lightli_temple_of_artemis

Skill      XL: |  1  2  3  4  5  6  7 |
---------------+----------------------+-----
Ranged Weapons | 3 4 5 6 7 |  7.5
Fighting       | 2 3 4 |  4.5
Armour         | 1 2 |  2.3
Invocations    | 1 |  1.8
Dodging        | |  2.1
Spellcasting   | |  1.0
Hexes          | |  2.0

Action                     |  1- 3 |  4- 6 |  7- 9 || total
---------------------------+-------+-------+-------++-------
   Fire: Sling             |   115 |   247 |    27 ||   389
 Invoke: Heroism           |       |     1 |     1 ||     2
    Use: Scroll            |     2 |     9 |       ||    11
         Potion            |       |     3 |     1 ||     4
 Armour: Robe              |     5 |       |       ||     5
         Ring mail         |    12 |    62 |    20 ||    94
  Dodge: Dodged            |    35 |    62 |    29 ||   126

Table legend:
 A = Non-vault XP
 B = Vault XP
 C = Vault XP percentage of total XP
 D = Non-vault monster count
 E = Vault monster count
 F = Vault count percentage of total count
                 A         B        C        D         E       F
            +---------+---------+-------+---------+---------+-------
      Total |     712 |     303 |  29.9 |      94 |       8 |   7.8
            +---------+---------+-------+---------+---------+-------
        D:1 |      19 |       0 |   0.0 |      16 |       0 |   0.0
        D:2 |      72 |      14 |  16.3 |      25 |       1 |   3.8
        D:3 |      81 |      36 |  30.8 |      18 |       1 |   5.3
        D:4 |     360 |       0 |   0.0 |      32 |       0 |   0.0
        D:5 |     180 |     253 |  58.4 |       3 |       6 |  66.7
            +---------+---------+-------+---------+---------+-------
